 Dungeon Sprint DCSS version 0.20-a0-556-g892c87b (webtiles) character file.

274 dvd the Basher (level 8, -1/89 HPs)
             Began as a Troll Berserker on Feb 4, 2017.
             Was an Elder of Trog.
             Slain by a giant anaconda (10 damage)
             ... in the Dungeon (Sprint VI: "Thunderdome").
             The game lasted 00:07:30 (484 turns).

dvd the Basher (Troll Berserker)                     Turns: 484, Time: 00:07:31

Health: -1/89      AC:  6    Str: 26    XL:     8   Next: 54%
Magic:  7/7        EV: 11    Int:  3    God:    Trog [****..]
Gold:   235        SH:  0    Dex: 11    Spells: 7/7 levels left

rFire    + . .     SeeInvis .   o - +0 morningstar (protect)
rCold    + . .     Gourm    +   n - +1 animal skin of Rengau {+Blink rN+ MR+} (curse)
rNeg     + + +     Faith    .   (no shield)
rPois    .         Spirit   .   (helmet restricted)
rElec    +         Reflect  .   (no cloak)
rCorr    .         Harm     .   (gloves unavailable)
MR       ++++.     NoTele   +   (boots unavailable)
Stlth    +++.......             u - amulet of Xom's Supremacy {RegenMP rElec rN+ Stlth+}
Regen    1.7/turn               (no ring)
                                s - ring "Peken" {rF+ rC+ rN+ MR+ Stlth+}

@: regenerating, slowed, lost intelligence, constricted, very slow
A: unfitting armour, claws 3, fast metabolism 3, gourmand, regeneration 1,
shaggy fur 1, tough skin 2
a: Berserk, Trog's Hand, Brothers in Arms, Burn Spellbooks, Renounce Religion,
Evoke Blink


You were in the Dungeon.
You worshipped Trog.
Trog was greatly pleased with you.
You were very full.

You visited 1 branch You collected 600 gold pieces.
You spent 365 gold pieces at shops.

Inventory:

Hand Weapons
 a - a +0 mace
 o - a +0 morningstar of protection (weapon)
 q - a +0 whip of freezing
Armour
 b - a +0 animal skin
 n - the cursed +1 animal skin of Rengau (worn) {+Blink rN+ MR+}
   (You bought it in a shop in the Dungeon)

   It protects you from negative energy.
   It affects your resistance to hostile enchantments.
   It lets you blink.
   It has a curse placed upon it.
 r - a +1 robe of the Archmagi
Jewellery
 s - the ring "Peken" (left claw) {rF+ rC+ rN+ MR+ Stlth+}
   (You bought it in a shop in the Dungeon)

   [ring of positive energy]

   It protects you from fire.
   It protects you from cold.
   It protects you from negative energy.
   It affects your resistance to hostile enchantments.
   It makes you more stealthy.
 t - the ring "Fecon" {Dex+6 Slay-5 SInv Stlth+}
   (You bought it in a shop in the Dungeon)

   [ring of see invisible]

   It affects your dexterity (+6).
   It affects your accuracy and damage with ranged weapons and melee attacks
   (-5).
   It lets you see invisible.
   It makes you more stealthy.
 u - the amulet of Xom's Supremacy (around neck) {RegenMP rElec rN+ Stlth+}
   (You bought it in a shop in the Dungeon)

   [amulet of magic regeneration]

   It increases your magic regeneration.
   It insulates you from electricity.
   It protects you from negative energy.
   It makes you more stealthy.
 v - the ring "Batitir" {rC+ rN++ Str+3 Int-3 Dex+3}
   (You bought it in a shop in the Dungeon)

   [ring of strength]

   It affects your strength (+3).
   It affects your intelligence (-3).
   It affects your dexterity (+3).
   It protects you from cold.
   It greatly protects you from negative energy.
Wands
 j - a wand of acid (5/15)
 k - a wand of iceblast (5/15)
Scrolls
 i - 4 scrolls of blinking
 l - 3 scrolls of fog
Potions
 d - a potion of curing
 e - 2 potions of heal wounds
 f - 4 potions of haste
 g - 2 potions of magic
 h - a potion of berserk rage
 m - a potion of resistance
Comestibles
 c - 2 bread rations
 p - 5 chunks of flesh


   Skills:
 + Level 8.5 Fighting
 + Level 11.8 Maces & Flails
 + Level 9.4 Dodging
 + Level 0.2 Stealth


You had 7 spell levels left.
You didn't know any spells.

Dungeon Overview and Level Annotations

Branches:
Dungeon (1/1)

Altars:
Cheibriados
Dithmenos
Fedhas
Gozag
Kikubaaqudgha
Makhleb
Okawaru
Qazlal
Ru
Sif Muna
Trog
Uskayaw
Vehumet
Xom
Yredelemnul
Zin
The Shining One
Beogh
Jiyva
Lugonu

Shops:
D *[%??*?*:[((!!!!


Innate Abilities, Weirdness & Mutations

You are too large for most types of armour.
You have claws for hands.
Your metabolism is lightning-fast.
You like to eat raw meat.
Your natural rate of healing is unusually fast.
You are covered in fur. (AC +1)
You have very tough skin. (AC +2)


Message History

Your two-headed ogre goes berserk!
You feel somewhat less full. Trog will no longer gift you weapons.
The giant anaconda grabs you. The giant anaconda bites you!
The giant anaconda constricts you. The giant anaconda bites you!
* * * LOW HITPOINT WARNING * * *
x2 The giant anaconda constricts you.
You miss the giant anaconda. The giant anaconda bites you!
* * * LOW HITPOINT WARNING * * *
x2 The giant anaconda constricts you.
Your two-headed ogre rages.
The giant anaconda barely misses you.
* * * LOW HITPOINT WARNING * * *
The giant anaconda constricts you.
Your two-headed ogre hits the giant anaconda with a giant spiked club!!
Your two-headed ogre completely misses the giant anaconda.
You barely miss the giant anaconda.
The giant anaconda is moderately wounded.
The giant anaconda bites you!
You die...

#_........#
#_......._#
#_......._#
###..)......#
#⌠...........
######.8.........8
##∩_._......###....
###∩.......[8.# #.8..
##..S@........÷###....
#⌠..O.....†.###...###.
#§.......[..# #.<.# #.
#⌠........).###.†÷###.
##....).....[..###....
###∩[.......8.# #.8..
##∩_._......###..).
######.8.........8
#⌠...........


You could see a giant anaconda and a friendly two-headed ogre (berserk).

Vanquished Creatures
  Pikel (D)
  3 yaks (D)
  A basilisk (D)
  A porcupine (D)
  A crocodile (D)
  2 gnoll sergeants (D)
  3 hounds (D)
  Terence (D)
  Jessica (D)
  2 orcs (D)
  3 hobgoblins (D)
  2 kobolds (D)
  A rat (D)
22 creatures vanquished.

Vanquished Creatures (collateral kills)
  A wolf (D)
1 creature vanquished.

Grand Total: 23 creatures vanquished

Notes
Turn   | Place    | Note
-------+----------+-------------------------------------------
     0 | D        | dvd the Troll Berserker began the quest for the Orb.
     0 | D        | Reached XP level 1. HP: 22/22 MP: 0/0
     1 | D        | Found a blossoming altar of Fedhas.
     1 | D        | Found a deep blue altar of Sif Muna.
     2 | D        | Found a glowing golden altar of the Shining One.
     3 | D        | Found a shimmering altar of Xom.
     3 | D        | Found an opulent altar of Gozag.
     4 | D        | Found Giss's Identification Station.
     4 | D        | Found a radiant altar of Vehumet.
     4 | D        | Found Zafir Ipn's Bee Food.
     5 | D        | Found Gaezxom's Advanced Armour.
     5 | D        | Found Cotz's Jewellery.
     5 | D        | Round 1.
    13 | D        | Bought a topaz-encrusted animal skin for 185 gold pieces
    18 | D        | Reached skill level 3 in Maces & Flails
    45 | D        | Identified the cursed +1 animal skin of Rengau {+Blink rN+ MR+} (You bought it in a shop in the Dungeon)
    54 | D        | Found a roughly hewn altar of Beogh.
    57 | D        | Noticed Jessica
    60 | D        | Reached ** piety under Trog
    61 | D        | Noticed Terence
    64 | D        | Killed Jessica
    64 | D        | Reached skill level 4 in Maces & Flails
    64 | D        | Reached XP level 2. HP: 32/32 MP: 1/1
    64 | D        | Reached XP level 3. HP: 39/39 MP: 2/2
    72 | D        | Killed Terence
    72 | D        | Reached *** piety under Trog
    72 | D        | Arena points: 14 (+14) [x2]
   111 | D        | Found a viscous altar of Jiyva.
   113 | D        | Round 2.
   122 | D        | Found a shadowy altar of Dithmenos.
   123 | D        | Found a hide-covered altar of Uskayaw.
   124 | D        | Found a snail-covered altar of Cheibriados.
   124 | D        | Found an iron altar of Okawaru.
   124 | D        | Found Fiol's Magic Scroll Shop.
   124 | D        | Found Reaseywn's Staff Store.
   125 | D        | Found Woynorimp's Magic Scroll Shop.
   125 | D        | Found Ziez's Must-Have Magic.
   127 | D        | Reached skill level 5 in Maces & Flails
   145 | D        | Found a glowing silver altar of Zin.
   150 | D        | Found a corrupted altar of Lugonu.
   150 | D        | Found a stormy altar of Qazlal.
   150 | D        | Found Cischit's Distillery.
   150 | D        | Found Onugoff's Distillery.
   151 | D        | Found Oddab's Bottled Wisdom.
   153 | D        | Found an ancient bone altar of Kikubaaqudgha.
   153 | D        | Found a bloodstained altar of Trog.
   153 | D        | Found Wozxapn's Do-It-Yourself Clinic.
   170 | D        | Found a sacrificial altar of Ru.
   173 | D        | Found a basalt altar of Yredelemnul.
   174 | D        | Found a burning altar of Makhleb.
   174 | D        | Found Foleiruth's Weapon Rack.
   177 | D        | Found Balosur's Basic Armour.
   177 | D        | Found Tilaesa's Miscellaneous Merchandise.
   178 | D        | Found Tyossuis's Premium Goods.
   181 | D        | Noticed Pikel
   198 | D        | Killed Pikel
   198 | D        | Reached skill level 9 in Maces & Flails
   198 | D        | Reached XP level 4. HP: 55/55 MP: 3/3
   198 | D        | Reached XP level 5. HP: 62/62 MP: 4/4
   198 | D        | Reached XP level 6. HP: 71/71 MP: 5/5
   198 | D        | Reached XP level 7. HP: 78/78 MP: 6/6
   199 | D        | Reached **** piety under Trog
   199 | D        | Arena points: 50 (+36) [x3]
   222 | D        | Bought a flickering bronze ring for 45 gold pieces
   222 | D        | Bought a shimmering iron ring for 45 gold pieces
   222 | D        | Identified the ring "Peken" {rF+ rC+ rN+ MR+ Stlth+} (You bought it in a shop in the Dungeon)
   223 | D        | Identified the ring "Fecon" {Dex+6 Slay-5 SInv Stlth+} (You bought it in a shop in the Dungeon)
   235 | D        | Round 3.
   243 | D        | Noticed a basilisk
   247 | D        | Noticed a yak
   262 | D        | Noticed a yak
   269 | D        | Killed a yak
   269 | D        | Reached skill level 10 in Maces & Flails
   280 | D        | Killed a yak
   289 | D        | HP: 3/79 [basilisk (17)]
   294 | D        | Killed a basilisk
   294 | D        | Reached XP level 8. HP: 30/88 MP: 7/7
   321 | D        | Reached skill level 11 in Maces & Flails
   356 | D        | Arena points: 134 (+84) [x4]
   400 | D        | Round 4.
   413 | D        | Reached ***** piety under Trog
   439 | D        | HP: 1/133 [wolf (9)]
   449 | D        | Arena points: 274 (+140) [x5]
   465 | D        | Bought a fine lead amulet for 45 gold pieces
   465 | D        | Bought a twitching brass ring for 45 gold pieces
   465 | D        | Identified the amulet of Xom's Supremacy {RegenMP rElec rN+ Stlth+} (You bought it in a shop in the Dungeon)
   466 | D        | Lost intelligence.
   466 | D        | Identified the ring "Batitir" {rC+ rN++ Str+3 Int-3 Dex+3} (You bought it in a shop in the Dungeon)
   480 | D        | Round 5.
   480 | D        | Noticed a giant anaconda
   484 | D        | Slain by a giant anaconda

Vault maps used:
D:        arena_sprint

Skill      XL: |  1  2  3  4  5  6  7  8 |
---------------+-------------------------+-----
Maces & Flails | 4 9 10 11 | 11.8
Fighting       | 3 7 8 |  8.5
Dodging        | 3 7 8 9 |  9.4
Stealth        | |  0.2

Action                   |  1- 3 |  4- 6 |  7- 9 || total
-------------------------+-------+-------+-------++-------
Melee: Mace              |    21 |       |       ||    21
       Morningstar       |    16 |       |    79 ||    95
       Whip              |       |       |     7 ||     7
Invok: Berserk           |     2 |       |     3 ||     5
       Trog's Hand       |       |       |     3 ||     3
       Brothers in Arms  |       |       |     2 ||     2
  Use: Potion            |       |       |     2 ||     2
  Eat: Chunk             |     8 |       |     8 ||    16
Armor: Animal skin       |    11 |       |    27 ||    38
Dodge: Dodged            |    14 |       |    77 ||    91
